Map: Jagannatha LE

Players

MissFanta (ThuocLao)

  • Race: Protoss Protoss
  • League: Grandmaster
  • Spawn Location: 1:00

RiSky - Winner!

  • Race: Zerg Zerg
  • Spawn Location: 7:00

Event: DreamHack SC2 Masters 2020 Winter

VOD

Have the link to the VOD?

Description

Time

  • Played on: Oct. 18, 2020, 3:54 a.m.
  • Length: 22:25

All games in this series

Show
View Real Time Build Order
Export as new Build Order

MissFanta Protoss 

Build Orders: 1 Gate Expand, Oracle Opening 

Get SALT Encoding   

  12  0:00  Probe  
  13  0:12  Probe  
  14  0:20  Pylon  
  14  0:24  Probe  
  15  0:38  Probe (Chrono Boost)  
  15  0:39  Gateway  
  16  0:46  Assimilator  
  16  0:48  Probe (Chrono Boost)  
  17  0:53  Probe (Chrono Boost)  
  18  1:04  Probe  
  19  1:16  Probe  
  20  1:26  Nexus  
  20  1:37  Cybernetics Core  
  20  1:40  Probe  
  21  1:49  Assimilator  
  21  1:52  Probe  
  22  1:58  Pylon  
  22  2:04  Probe  
  23  2:13  Adept (Chrono Boost)  
  23  2:16  Probe  
  23  2:18  Stargate  
  26  2:24  Warp Gate  
  26  2:28  Probe (Chrono Boost)  
  27  2:40  Probe (Chrono Boost)  
  27  2:41  Stalker (Chrono Boost)  
  30  2:47  Probe (Chrono Boost)  
  30  2:48  Probe (Chrono Boost)  
  32  2:54  Probe  
  33  2:58  Probe  
  33  3:04  Oracle (Chrono Boost)  
  37  3:07  Probe  
  37  3:10  Probe  
  39  3:17  Assimilator  
  39  3:19  Probe  
  40  3:20  Assimilator  
  40  3:23  Probe  
  41  3:29  Pylon  
  41  3:31  Probe  
  42  3:35  Probe  
  42  3:37  Gateway  
  43  3:43  Gateway, Probe  
  43  3:47  Probe  
  45  3:51  Robotics Facility  
  45  3:53  Twilight Council  
  45  3:55  Probe  
  46  3:56  Pylon  
  46  3:59  Probe  
  47  4:05  Oracle  
  50  4:13  Probe  
  50  4:15  Probe  
  52  4:19  Gateway  
  52  4:21  Gateway  
  52  4:25  Probe  
  52  4:27  Probe  
  54  4:37  Probe  
  54  4:38  Observer  
  56  4:39  Adept, Probe  
  56  4:42  Pylon  
  56  4:43  Stalker  
  61  4:49  Probe  
  62  4:55  Pylon  
  62  5:00  Probe  
  62  5:02  Nexus  
  62  5:04  Shield Battery  
  63  5:09  Sentry x2  
  67  5:15  Robotics Bay  
  67  5:17  Probe  
  67  5:18  Observer  
  67  5:20  Sentry x2  
  73  5:23  Probe  
  74  5:28  Gateway  
  74  5:29  Gateway  
  74  5:34  Probe  
  75  5:36  Blink  
  72  5:44  Probe  
  72  5:46  Probe  
  72  5:48  Gateway  
  72  5:49  Forge, Gateway  
  74  5:55  Stalker  
  74  5:56  Probe  
  77  5:59  Pylon  
  77  6:00  Pylon  
  76  6:06  Stalker  
  76  6:08  Shield Battery  
  77  6:12  Colossus (Chrono Boost)  
  83  6:19  Probe x2  
  83  6:20  Probe  
  83  6:22  Sentry x2  
  83  6:25  Protoss Ground Weapons Level 1 (Chrono Boost)  
  90  6:27  Extended Thermal Lance (Chrono Boost)  
  90  6:31  Probe x2  
  92  6:40  Probe  
  92  6:43  Probe  
  92  6:44  Stalker  
  92  6:45  Pylon  
  96  6:49  Stalker  
  96  6:51  Probe  
  96  6:52  Probe  
  96  6:53  Assimilator  
  100  6:55  Assimilator  
  100  7:02  Disruptor  
  100  7:03  Probe  
  100  7:07  Stalker  
  106  7:10  Photon Cannon  
  104  7:17  Stalker x2  
  106  7:24  Robotics Facility  
  106  7:32  Nexus  
  106  7:33  Pylon, Probe  
  107  7:39  Pylon  
  107  7:40  Disruptor  
  107  7:41  Pylon  
  110  7:50  Stalker x3  
  116  7:51  Charge (Chrono Boost)  
  116  8:00  Pylon, Probe  
  116  8:01  Pylon  
  116  8:02  Gateway  
  116  8:03  Gateway  
  117  8:07  Photon Cannon  
  117  8:10  Disruptor (Chrono Boost), Shield Battery x2  
  117  8:16  Disruptor (Chrono Boost)  
  117  8:17  Probe x2  
  125  8:29  Stalker x4  
  133  8:35  Shield Battery  
  133  8:38  Stalker x3  
  133  8:41  Photon Cannon  
  139  8:43  Warp Prism (Chrono Boost)  
  139  8:46  Disruptor (Chrono Boost)  
  144  9:01  Stalker  
  144  9:02  Stalker x2  
  150  9:03  Stalker  
  152  9:15  Disruptor  
  152  9:17  Gravitic Drive (Chrono Boost)  
  155  9:34  Stalker x4  
  155  9:35  Stalker x2  
  158  9:52  Zealot x3  
  162  10:01  Photon Cannon  
  162  10:03  Photon Cannon  
  162  10:10  Gravitic Boosters  
  162  10:12  Disruptor, Templar Archives  
  159  10:29  Stalker x2  
  159  10:34  Stargate  
  163  10:37  Fleet Beacon  
  163  10:38  Pylon  
  163  10:40  Pylon  
  163  10:42  Pylon  
  163  10:44  Pylon  
  163  10:46  Pylon  
  163  10:58  Photon Cannon  
  163  11:03  Probe  
  164  11:05  Dark Shrine  
  164  11:06  Observer  
  164  11:07  Observer  
  164  11:10  Shield Battery, Probe x2  
  168  11:12  Shield Battery  
  168  11:15  Assimilator  
  168  11:19  Assimilator  
  162  11:30  Observer  
  156  11:33  Stalker  
  156  11:34  Stalker x7  
  156  11:35  Stalker x2  
  170  11:48  Carrier  
  176  12:07  Zealot x2  
  176  12:08  Zealot x5  
  174  12:19  Disruptor x2  
  175  12:33  Stalker x4  
  175  12:34  Stalker x3  
  187  12:53  Stalker  
  187  12:54  Stalker x2, Colossus  
  180  13:01  Zealot x7  
  180  13:05  Phoenix, Carrier  
  196  13:26  Protoss Ground Weapons Level 2  
  194  13:30  Forge  
  194  13:34  Photon Cannon  
  190  13:52  Carrier  
  186  13:55  Stargate  
  186  14:00  Dark Templar x2  
  184  14:09  Carrier  
  190  14:10  Psionic Storm  
  190  14:12  High Templar x2  
  188  14:30  Observer x2  
  180  14:32  Nexus  
  180  14:33  Pylon  
  180  14:34  Pylon  
  180  14:36  Pylon x2, Zealot x6  
  180  14:37  Pylon x2  
  188  14:39  Pylon  
  188  14:48  Cybernetics Core  
  188  14:49  Photon Cannon  
  188  14:55  Protoss Air Weapons Level 1 (Chrono Boost)  
  176  15:00  Disruptor  
  173  15:07  Disruptor  
  173  15:11  High Templar x3  
  173  15:13  Carrier  
  174  15:35  Stalker x7  
  183  15:47  Photon Cannon  
  168  15:50  Photon Cannon  
  148  16:16  Stalker x4  
  148  16:17  Stalker x3  
  140  16:45  Observer  
  140  16:51  Probe  
  125  16:55  Observer x2  
  126  17:01  Pylon  
  126  17:09  High Templar x6  
  126  17:10  High Templar  
  140  17:20  Nexus  
  140  17:23  Pylon  
  133  17:49  Stalker  
  133  17:50  Stalker x3  
  121  18:07  Zealot x3  
  127  18:14  Disruptor  
  130  18:25  Probe x2  
  132  18:43  Dark Templar x2  
  132  18:47  Probe  
  131  19:01  Zealot  
  131  19:02  Zealot x4  
  136  19:13  High Templar  
  133  19:30  Disruptor x2  
  129  19:32  Zealot x2  
  129  19:33  Zealot x3  
  139  19:41  High Templar x2  
  139  19:45  Archon  
  133  20:07  Stalker x5  
  143  20:15  Zealot x3  
  143  20:32  Zealot x5  
  149  20:42  Dark Templar  
  109  21:10  Zealot  
  105  21:18  Zealot x4  
  107  21:19  Zealot  
  81  21:36  Zealot x2  
Show
View Real Time Build Order
Export as new Build Order

RiSky Zerg - Winner!

Build Orders: Hatch First, Lurkers, Roach Hydra 

Get SALT Encoding   

  12  0:00  Drone  
  13  0:12  Overlord  
  13  0:17  Drone  
  14  0:30  Drone x2  
  16  0:48  Hatchery  
  15  0:51  Drone  
  15  0:55  Drone  
  17  0:58  Drone  
  18  1:08  Extractor  
  17  1:14  Spawning Pool  
  17  1:17  Drone  
  17  1:20  Drone  
  18  1:27  Drone  
  19  1:38  Drone  
  20  1:49  Overlord  
  20  2:00  Queen  
  20  2:01  Queen, Zergling x4  
  26  2:10  Drone  
  26  2:11  Drone  
  26  2:12  Metabolic Boost  
  28  2:21  Drone x2  
  30  2:35  Hatchery  
  29  2:41  Drone x2  
  31  2:49  Queen  
  33  2:52  Overlord  
  33  2:56  Drone  
  33  2:58  Drone  
  35  3:02  Drone  
  36  3:12  Drone x2  
  38  3:13  Drone x2  
  38  3:15  Drone x2  
  42  3:22  Overlord  
  42  3:25  Queen  
  44  3:34  Drone, Spore Crawler  
  44  3:43  Drone x2  
  44  3:44  Drone  
  44  3:45  Drone x3  
  50  3:49  Roach Warren  
  50  3:50  Drone x2  
  50  3:53  Queen  
  53  4:00  Zergling x4  
  53  4:01  Spore Crawler  
  54  4:04  Spore Crawler  
  54  4:08  Drone  
  54  4:09  Drone  
  54  4:10  Drone x4  
  58  4:18  Overlord  
  58  4:23  Overlord  
  58  4:26  Overlord  
  58  4:29  Overlord  
  58  4:35  Overlord x2  
  58  4:41  Queen  
  58  4:43  Drone x4  
  58  4:44  Drone x2  
  66  4:47  Drone  
  66  4:48  Drone  
  66  4:49  Evolution Chamber  
  66  4:51  Drone x2  
  66  4:52  Zergling x4  
  71  4:58  Extractor  
  71  4:59  Lair  
  71  5:00  Drone x2  
  71  5:02  Extractor, Overlord  
  71  5:06  Drone x2  
  73  5:11  Extractor  
  73  5:13  Extractor, Overlord  
  71  5:19  Drone x3  
  74  5:24  Zerg Missile Weapons Level 1  
  74  5:26  Roach x3  
  74  5:27  Overlord x2  
  80  5:29  Roach  
  80  5:30  Roach  
  80  5:35  Roach  
  86  5:38  Spore Crawler  
  86  5:42  Drone x2  
  86  5:52  Drone x4  
  86  5:53  Extractor  
  86  5:54  Roach x2  
  86  5:56  Drone x2  
  95  5:59  Drone x2  
  95  6:00  Drone  
  95  6:02  Hatchery  
  97  6:04  Drone  
  97  6:05  Drone  
  97  6:07  Drone x2, Glial Reconstitution  
  100  6:12  Drone x2  
  100  6:17  Drone x2  
  104  6:20  Drone x2  
  106  6:26  Roach x3  
  106  6:27  Infestation Pit, Roach  
  106  6:31  Overlord x2  
  113  6:34  Roach x2  
  117  6:41  Roach x2  
  117  6:42  Overlord  
  117  6:43  Overlord x2  
  121  6:53  Ravager x2  
  133  6:54  Roach x6  
  133  6:57  Overlord  
  133  6:58  Roach  
  136  7:06  Overlord  
  136  7:07  Hydralisk Den  
  135  7:09  Zergling x12  
  135  7:11  Zergling x4  
  142  7:19  Drone x2  
  142  7:21  Zerg Missile Weapons Level 2  
  144  7:23  Extractor  
  144  7:24  Drone, Spore Crawler  
  144  7:25  Extractor  
  144  7:26  Drone  
  144  7:27  Drone x5  
  144  7:29  Roach x2  
  151  7:37  Drone  
  151  7:38  Hive  
  151  7:39  Lurker Den  
  151  7:47  Drone x4  
  151  7:49  Muscular Augments  
  154  8:02  Overlord  
  154  8:03  Overlord x2  
  154  8:05  Pneumatized Carapace  
  154  8:06  Hatchery  
  153  8:15  Drone x4  
  153  8:16  Overlord  
  153  8:18  Hydralisk x2  
  153  8:19  Hydralisk x4  
  169  8:24  Hydralisk  
  169  8:25  Hydralisk x2  
  175  8:28  Hydralisk  
  177  8:34  Extractor  
  177  8:35  Extractor  
  175  8:46  Lurker x3  
  175  8:47  Lurker  
  179  8:50  Viper x3  
  179  8:52  Seismic Spines  
  187  9:01  Grooved Spines  
  187  9:07  Zergling x28  
  198  9:10  Hydralisk  
  194  9:37  Lurker x4  
  190  9:50  Hydralisk x6  
  200  9:58  Zerg Missile Weapons Level 3, Adaptive Talons  
  200  10:15  Adrenal Glands  
  200  10:16  Evolution Chamber  
  197  10:25  Lurker x5  
  197  10:26  Lurker x2  
  191  10:33  Hydralisk x6  
  199  10:36  Lurker  
  199  10:38  Spine Crawler  
  199  10:39  Spine Crawler  
  199  10:41  Overseer  
  198  10:42  Zerg Ground Armor Level 1  
  198  10:47  Overseer  
  198  10:48  Queen  
  188  11:00  Lurker x7  
  188  11:01  Hydralisk  
  194  11:10  Spine Crawler  
  193  11:11  Spine Crawler  
  193  11:13  Overseer  
  193  11:18  Overseer  
  174  11:33  Zergling x2  
  174  11:34  Zergling x36  
  174  11:37  Hydralisk  
  174  11:38  Hydralisk x3  
  199  11:42  Overseer  
  187  12:16  Viper  
  187  12:17  Viper x5  
  196  12:23  Viper  
  199  12:36  Zerg Melee Weapons Level 1  
  197  12:42  Hydralisk x13  
  199  12:46  Hydralisk x4  
  181  12:58  Drone x7  
  183  13:10  Hydralisk x5  
  183  13:11  Hydralisk x3  
  199  13:17  Spine Crawler x2  
  199  13:18  Zergling x2  
  199  13:19  Zergling x4  
  185  13:23  Lurker x6  
  185  13:39  Hatchery  
  180  13:50  Hatchery  
  176  14:09  Hydralisk  
  167  14:10  Hydralisk x14  
  195  14:18  Zerg Ground Armor Level 2  
  191  14:37  Lurker x9  
  200  14:48  Extractor  
  200  14:49  Extractor  
  198  15:04  Viper x3  
  198  15:05  Viper  
  192  15:10  Zergling x16  
  192  15:11  Zerg Melee Weapons Level 2  
  194  15:34  Spire  
  193  15:37  Spire  
  193  15:41  Zergling x12  
  193  15:42  Zergling x16  
  199  15:48  Hydralisk x3  
  192  15:58  Hydralisk x4  
  148  16:34  Viper x4  
  155  16:46  Lair  
  144  16:52  Hydralisk x4  
  144  16:53  Hydralisk x11  
  174  16:57  Hatchery  
  173  17:07  Drone x2  
  173  17:08  Drone x2  
  177  17:13  Lurker Den  
  177  17:15  Drone x2  
  178  17:23  Drone  
  178  17:24  Drone x3  
  182  17:31  Spore Crawler  
  181  17:39  Overlord x3  
  165  18:02  Spire  
  165  18:03  Spire  
  150  18:07  Drone x5  
  153  18:17  Hatchery  
  152  18:22  Hydralisk  
  152  18:23  Hydralisk x4  
  162  18:29  Lurker  
  162  18:30  Lurker x4  
  165  18:38  Lurker x2  
  165  18:40  Lurker  
  168  18:44  Hive  
  168  18:46  Overseer  
  168  18:51  Overseer  
  168  19:03  Hydralisk  
  166  19:12  Overseer  
  166  19:16  Overseer  
  158  19:36  Corruptor x10  
  178  19:49  Lurker x2  
  176  20:05  Corruptor x5  
  186  20:10  Zergling x2  
  186  20:11  Zergling x12  
  187  20:40  Corruptor x2  
  178  21:23  Hatchery  
  178  21:25  Hatchery  
  171  21:33  Hydralisk x6  
  171  21:34  Hydralisk x3  
  182  21:42  Zergling x2  
  182  21:43  Zergling x4  
  184  21:50  Extractor  
  184  21:51  Extractor  
  179  21:54  Hydralisk x2  
Tags
 
Add a new tag
Caveats
  • Supply blocks, unpowered buildings, or Contaminate may cause inaccurate times.
  • Supply counts are checked every 10 seconds.